 Dungeon Crawl Stone Soup version 0.30-a0-292-g0f741e3f8e (webtiles) character file.

Game seed: 12790109846729065484

8 Flugkiller the Cutter (level 2, 22/22 HPs)
             Began as a Demonspawn Gladiator on Oct 17, 2022.
             Quit the game on level 1 of the Dungeon.
             The game lasted 00:00:11 (444 turns).

Flugkiller the Cutter (Demonspawn Gladiator)         Turns: 444, Time: 00:00:11

Health: 22/22      AC:  4    Str: 14    XL:     2   Next: 0%
Magic:  2/2        EV: 12    Int:  9    God:
Gold:   74         SH:  0    Dex: 14    Spells: 1/1 levels left

rFire   . . .      SeeInvis .    a - +0 rapier
rCold   . . .      Faith    .    (no shield)
rNeg    . . .      Spirit   .    b - +0 leather armour
rPois   .          Reflect  .    c - +0 helmet
rElec   .          Harm     .    (no cloak)
rCorr   .          Rampage  .    (no gloves)
Will    .....                    (no boots)
Stlth   +.........               (no amulet)
HPRegen 0.23/turn                (no ring)
MPRegen 0.08/turn                (no ring)

@: no status effects
A: hooves 1
a: no special abilities


You were on level 1 of the Dungeon.
You visited 1 branch of the dungeon, and saw 1 of its levels.

You collected 74 gold pieces.

Inventory:

Hand Weapons
 a - a +0 rapier (weapon)
Missiles
 d - 3 throwing nets (quivered)
 e - a javelin
 h - 6 poisoned darts
Armour
 b - a +0 leather armour (worn)
 c - a +0 helmet (worn)
Jewellery
 f - a ring of ice
   (You found it on level 1 of the Dungeon)
Scrolls
 g - a scroll of identify {unknown}


   Skills:
 - Level 2.0 Fighting
 + Level 3.2 Short Blades
 - Level 1.7 Throwing
 - Level 2.6 Dodging


You had one spell level left.
You didn't know any spells.
Your spell library was empty.

Dungeon Overview and Level Annotations

Branches:
Dungeon (1/15) Zot: 5555

Altars:


Innate Abilities, Weirdness & Mutations

You have large cloven feet.


Message History

The ball python hisses angrily.
You hit the ball python.
You kill the ball python!
You hit the hobgoblin.
The hobgoblin is almost dead.
The hobgoblin misses you.
You hit the hobgoblin.
You kill the hobgoblin!
The quokka closely misses you.
You closely miss the quokka. The quokka closely misses you.
The quokka barely misses you.
You closely miss the quokka.
The quokka bites you but does no damage.
You miss the quokka. The quokka bites you.
You hit the quokka.
You kill the quokka!
Your Short Blades skill increases to level 3!
No target in view!
No target in view!
No target in view!
No target in view!
HP restored.
You now have 36 gold pieces (gained 13).
g - a scroll labelled KABYUR JOJ No target in view!
You now have 48 gold pieces (gained 12).
A goblin comes into view. It is wielding a +0 club.
The goblin shouts!
A goblin is nearby!
The goblin hits you but does no damage.
You hit the goblin but do no damage. The goblin barely misses you.
You closely miss the goblin. The goblin hits you but does no damage.
You hit the goblin but do no damage. The goblin closely misses you.
You closely miss the goblin. The goblin hits you with a +0 club.
You hit the goblin.
You kill the goblin!
No target in view!
Things that are here:
a +0 club; a goblin corpse
Found 6 stones.
A rat comes into view.
You hit the rat.
You kill the rat!
No target in view!
No target in view!
No target in view!
No target in view!
No target in view!
You open the door.
There is an open door here.
You see here a quokka corpse.
There is an open door here.
There is an open door here.
Key pressed, stopping explore.
There is a staircase leading out of the dungeon here.
You now have 55 gold pieces (gained 7).
You now have 69 gold pieces (gained 14).
Found a dagger.
You open the door.
There is an open door here.
Found a stone staircase leading down.
No target in view!
No target in view!
No target in view!
No target in view!
No target in view!
No target in view!
No target in view!
Found 6 poisoned darts.
You now have 74 gold pieces (gained 5).
A frilled lizard comes into view.
A frilled lizard is nearby!
The frilled lizard hisses angrily.
The frilled lizard hisses.
You closely miss the frilled lizard. The frilled lizard barely misses you.
You miss the frilled lizard. The frilled lizard closely misses you.
You miss the frilled lizard.
The frilled lizard bites you but does no damage.
You completely miss the frilled lizard.
The frilled lizard bites you but does no damage.
You barely miss the frilled lizard. The frilled lizard bites you.
You closely miss the frilled lizard. The frilled lizard bites you.
You hit the frilled lizard.
You kill the frilled lizard!
No target in view!
No target in view!
No target in view!
You see here 6 poisoned darts.
h - 6 poisoned darts You see here a frilled lizard corpse.
An endoplasm comes into view.
An endoplasm is nearby!
An endoplasm is nearby!
The helpless endoplasm fails to defend itself.
You puncture the endoplasm!
You kill the endoplasm!
You have reached level 2!
Your demonic ancestry asserts itself...
Your feet thicken and deform.
Are you sure you want to abandon this character and quit the game? (Confirm with "yes".)

# # .#
#.#########.
........#..
...#@#.#
#.#.#.#.#####
#............
#.#.#.#.#.#.#
#.#.#...#.#
#.#......†#.#
#.###.###.#.#
#.. #.###.#.#
###.##.....#.#


There were no monsters in sight!

Vanquished Creatures
  An endoplasm (D:1)
  2 hobgoblins (D:1)
  A quokka (D:1)
  A ball python (D:1)
  A frilled lizard (D:1)
  A goblin (D:1)
  A rat (D:1)
8 creatures vanquished.

Notes
Turn   | Place    | Note
-------+----------+-------------------------------------------
     0 | D:1      | Flugkiller the Demonspawn Gladiator began the quest for the
                  | Orb.
     0 | D:1      | Reached XP level 1. HP: 16/16 MP: 1/1
   208 | D:1      | Reached skill level 3 in Short Blades
   444 | D:1      | Gained mutation: You have large cloven feet. [demonic
                  | ancestry]
   444 | D:1      | Reached XP level 2. HP: 22/22 MP: 2/2
   444 | D:1      | Quit the game

Illustrated notes

Levels and vault maps discovered:
D:1:      grunt_arrival_lava_bath, layout_basic, st_stairs_1,
          minmay_misc_feat_rugged

Skill      XL: |  1 |
---------------+----+-----
Short Blades   | 3 |  3.2
Fighting       | |  2.0
Throwing       | |  1.7
Dodging        | |  2.6

Action                   || total
-------------------------++-------
Melee: Rapier            ||    23
 Stab: Sleeping          ||     1
Armor: Leather armour    ||     6
Dodge: Dodged            ||     9

Table legend: (Time is in decaauts)
 A = Elapsed time spent in this place.
 B = Non-inter-level travel time spent in this place.
 C = Inter-level travel time spent in this place.
 D = Time resting spent in this place.
 E = Time spent auto-exploring this place.
 F = Levels seen in this place.
 G = Mean time per level.
                   A        B        C        D        E       F      G
               +--------+--------+--------+--------+--------+-----+--------+
         Total |    444 |    444 |      0 |      0 |    387 |   1 |  444.0 |
       Dungeon |    444 |    444 |      0 |      0 |    387 |   1 |  444.0 |
               +--------+--------+--------+--------+--------+-----+--------+

Top non-repeatable levels by time:
     D:1: 444 daAuts
